 Dungeon Crawl Stone Soup version 0.28.0-45-g0d030f2227 (webtiles) character file.

Game seed: 17793403435603501136

3164 101zpm the Chiller (level 9, 0/67 (71) HPs)
             Began as a Green Draconian Ice Elementalist on Apr 18, 2022.
             Was a Follower of Sif Muna.
             Slain by a wight
             ... wielding a +3 dire flail
              (2 damage)
             ... on level 8 of the Dungeon.
             The game lasted 00:22:37 (10176 turns).

101zpm the Chiller (DrIE)                          Turns: 10176, Time: 00:22:38

HP:   0/67 (71)     AC:  8    Str: 11    XL:     9   Next: 63%
MP:   3/18          EV: 13    Int: 19    God:    Sif Muna [*.....]
Gold: 494           SH:  0    Dex: 12    Spells: 6/20 levels left

rFire   . . .      SeeInvis .   m - +2 hand axe (holy)
rCold   . . .      Faith    .   (no shield)
rNeg    . . .      Spirit   .   (armour unavailable)
rPois   +          Reflect  .   (helmet restricted)
rElec   .          Harm     .   (no cloak)
rCorr   +          Rampage  .   y - +0 pair of gloves
Will    .....                   (no boots)
Stlth   ++........              (no amulet)
HPRegen 0.21/turn               p - ring of resist corrosion
MPRegen 0.16/turn               d - ring of poison resistance

@: freezing walls, studying Long Blades, drained
A: breathe noxious fumes, AC +7, unfitting armour, poison resistance,
cold-blooded
a: Breathe Noxious Fumes, Renounce Religion, Channel Magic


You were on level 8 of the Dungeon.
You worshipped Sif Muna.
Sif Muna was aware of your devotion.
You visited 2 branches of the dungeon, and saw 9 of its levels.

You collected 494 gold pieces.

Inventory:

Hand Weapons
 m - a +2 hand axe of holy wrath (weapon)
Missiles
 r - 13 poisoned darts
Armour
 j - a +1 pair of gloves
 y - a +0 pair of gloves (worn)
 D - the +4 robe of Folly {Brilliance Will-∞ Int+8}
   (You found it on level 5 of the Dungeon)

   It increases the power of your magical spells.
   It halves the magic cost of your spells (rounding up).
   It reduces your willpower to zero.
   Int:       It affects your intelligence (+8).
Magical Staves
 A - a staff of fire
Jewellery
 d - a ring of poison resistance (right hand)
 e - an amulet of faith
 p - a ring of resist corrosion (left hand)
Wands
 u - a wand of iceblast (2)
 x - a wand of charming (8)
 B - a wand of paralysis (8)
 E - a wand of acid (4)
Scrolls
 b - 2 scrolls of blinking {unknown}
 h - a scroll of enchant weapon {unknown}
 i - a scroll of noise {unknown}
 k - 2 scrolls of magic mapping {unknown}
 n - 2 scrolls of fog {unknown}
 s - 3 scrolls of identify {unknown}
 t - a scroll of fear {unknown}
 v - 2 scrolls of brand weapon {unknown}
 w - a scroll of vulnerability {unknown}
Potions
 a - 2 potions of might {unknown}
 c - 4 potions of heal wounds {unknown}
 f - 2 potions of mutation {unknown}
 g - a potion of brilliance {unknown}
 l - 2 potions of curing {unknown}
 o - a potion of cancellation {unknown}
 q - 3 potions of berserk rage {unknown}
 z - a potion of haste {unknown}
 C - a potion of flight {unknown}


   Skills:
 + Level 4.2 Fighting
 + Level 6.3 Axes
 + Level 4.7 Dodging
 + Level 3.6 Stealth
 + Level 0.2 Unarmed Combat
 + Level 6.3 Spellcasting
 + Level 1.1 Conjurations
 + Level 7.8 Ice Magic
 + Level 0.1 Evocations


You had 6 spell levels left.
You knew the following spells:

 Your Spells              Type           Power      Damage    Failure   Level
a - Freeze                Ice            100%       1d11      1%          1
b - Frozen Ramparts       Ice            70%        1d9       1%          3
c - Ozocubu's Armour      Ice            35%        N/A       1%          3
d - Hailstorm             Conj/Ice       23%        3d7       17%         4
e - Searing Ray           Conj           20%        2d5       11%         2
f - Magic Dart            Conj           40%        1d5       7%          1

Your spell library contained the following spells:

 Spells                   Type           Power      Damage    Failure   Level
 Sandblast                Erth           12%        2d6       11%         1
 Passwall                 Tmut/Erth      5%         N/A       16%         2
 Stone Arrow              Conj/Erth      16%        3d8       26%         3
 Confusing Touch          Hex            6%         N/A       32%         3
 Fulminant Prism          Conj/Hex       4%         3d6       65%         4
 Yara's Violent Unravell  Hex/Tmut       3%         3d4       96%         5
 Enfeeble                 Hex            3%         N/A       100%        7


Dungeon Overview and Level Annotations

Branches:
Dungeon (8/15)             Temple (1/1) D:4
   Lair: D:8-11

Altars:
Ashenzari
Cheibriados
Dithmenos
Elyvilon
Fedhas
Hepliaklqana
Kikubaaqudgha
Makhleb
Nemelex Xobeh
Okawaru
Qazlal
Ru
Sif Muna
Trog
Uskayaw
Wu Jian
Xom
Zin
The Shining One

Shops:
D:1 [   D:4 *   D:7 [


Innate Abilities, Weirdness & Mutations

You can breathe blasts of noxious fumes.
Your lurid green scales are hard. (AC +7)
You cannot fit into any form of body armour.
Your system is resistant to poisons. (rPois)
You are cold-blooded and may be slowed by cold attacks.


Message History

The wall freezes the wight but does no damage.
The wight closely misses you.
Your life force feels restored.
The wight completely resists.
The wall freezes the wight but does no damage.
The wight hits you with a +3 dire flail.
* * * LOW HITPOINT WARNING * * *
The wight resists.
The wall freezes the wight.
The wight hits you with a +3 dire flail.
* * * LOW HITPOINT WARNING * * *
Casting: Frozen Ramparts (safe; 1% risk of failure)
Confirm with . or Enter, or press ? or * to list all spells.
You don't have enough magic to cast this spell.
The wight resists.
The wall freezes the wight.
The wight misses you.
The wight completely resists.
The wall freezes the wight but does no damage.
The wight closely misses you.
The wight resists.
The wall freezes the wight.
The wight hits you with a +3 dire flail!
* * * LOW HITPOINT WARNING * * *
You feel drained.
* * * LOW HITPOINT WARNING * * *
You hit the wight but do no damage.
The wight is heavily damaged.
The wight completely resists.
The wall freezes the wight but does no damage.
The wight hits you but does no damage.
You hit the wight.
The wight convulses.
The wight is severely damaged.
You hit the wight but do no damage.
The wight is severely damaged.
The wight resists.
The wall freezes the wight.
The wight completely misses you.
You barely miss the wight.
The wight is severely damaged.
The wight completely resists.
The wall freezes the wight but does no damage.
The wight hits you with a +3 dire flail.
* * * LOW HITPOINT WARNING * * *
You feel drained.
You die...

..## ...# ... ..### #.
.. ... #...# #. . ....
.. [...# #.###. .....
##. ###.## ####.....
#..... #.. .##..#
#.##....###......####..
..#.##
#.......#.........S...##
.....###.#
#....@.)...........
#.#####..#
###.z#.##.........#
....###..###...####
......<<#
..........#...##
#.#.....Y#
.###.#.......##
##....... . ####...#..#
#........ . #..####.#
#........ # #... ....
##....... ###.. .##..
#.......


You could see a wight.

Vanquished Creatures
  Psyche (D:8)
  A hornet (D:8)
  2 acid dragons
  4 black bears
  An ice beast (D:8)
  3 sky beasts
  An ogre (D:4)
  A phantom (D:7)
  2 centaurs
  A kobold brigand (D:7)
  4 bullfrogs
  A wyvern zombie (D:7)
  A scorpion (D:5)
  2 water moccasin zombies
  A water moccasin skeleton (D:5)
  3 howler monkeys
  3 wights
  3 orc priests
  A bullfrog zombie (D:6)
  2 hounds
  An iron imp (D:4)
  2 centaur skeletons
  2 iguanas
  4 orc wizards
  5 adders
  A shadow imp (D:7)
  An ufetubus (D:6)
  2 worms
  2 dart slugs (D:1)
  17 orcs
  9 ball pythons
  7 bats
  5 endoplasms
  7 giant cockroaches
  3 goblins
  4 hobgoblins
  A quokka (D:1)
  6 kobolds
  5 rats
122 creatures vanquished.

Vanquished Creatures (others)
  4 fungi (D:4)
  3 toadstools (D:4)
7 creatures vanquished.

Grand Total: 129 creatures vanquished

Notes
Turn   | Place    | Note
-------+----------+-------------------------------------------
     0 | D:1      | 101zpm the Draconian Ice Elementalist began the quest for
                  | the Orb.
     0 | D:1      | Reached XP level 1. HP: 14/14 MP: 3/3
     1 | D:1      | Noticed an electric eel
    31 | D:1      | Found Doimoa's Antique Armour Emporium.
   334 | D:1      | Reached XP level 2. HP: 20/20 MP: 3/5
   928 | D:1      | Reached XP level 3. HP: 26/26 MP: 4/6
  1264 | D:2      | Reached skill level 5 in Ice Magic
  1922 | D:3      | Reached XP level 4. HP: 24/33 MP: 1/8
  2976 | D:4      | Found a staircase to the Ecumenical Temple.
  2977 | D:4      | Noticed a sky beast
  3004 | D:3      | HP: 1/33 [iguana (11)]
  3515 | D:2      | Killed a sky beast
  3516 | D:2      | Reached skill level 1 in Axes
  3516 | D:2      | Reached XP level 5. HP: 39/39 MP: 3/9
  3569 | D:2      | Learned a level 3 spell: Frozen Ramparts
  3573 | D:2      | Learned a level 3 spell: Ozocubu's Armour
  3582 | D:2      | Reached skill level 1 in Fighting
  3858 | D:4      | Noticed a black bear
  3887 | D:4      | Reached XP level 6. HP: 48/48 MP: 9/11
  4029 | D:4      | Found Feliyg's Fire Supplies.
  4199 | D:4      | Found a snail-covered altar of Cheibriados.
  4208 | D:4      | Your scales start taking on a lurid green colour.
  4208 | D:4      | Reached XP level 7. HP: 55/55 MP: 12/12
  4208 | D:4      | Gained mutation: Your system is resistant to poisons.
                  | (rPois) [Green Draconian growth]
  4312 | Temple   | Entered the Ecumenical Temple
  4472 | Temple   | Became a worshipper of Sif Muna the Loreminder
  4499 | D:5      | Entered Level 5 of the Dungeon
  4607 | D:5      | Reached skill level 6 in Ice Magic
  5665 | D:7      | Reached XP level 8. HP: 55/62 MP: 8/14
  6020 | D:7      | Found Vowixkiu's Antique Armour Shoppe.
  6068 | D:7      | Reached skill level 5 in Spellcasting
  6220 | D:7      | Reached skill level 7 in Ice Magic
  6533 | D:7      | Learned a level 4 spell: Hailstorm
  6536 | D:7      | Learned a level 2 spell: Searing Ray
  6538 | D:7      | Learned a level 1 spell: Magic Dart
  7312 | D:5      | Reached skill level 5 in Axes
  7820 | D:5      | Found the +4 robe of Folly {Brilliance Will-∞ Int+8}
  7877 | D:5      | Reached * piety under Sif Muna
  8717 | D:7      | Reached XP level 9. HP: 60/70 MP: 17/17
  9590 | D:8      | Noticed a death yak
  9655 | D:8      | Noticed Psyche
  9667 | D:8      | Killed Psyche
  9883 | D:8      | Reached skill level 1 in Conjurations
 10176 | D:8      | HP: 2/69 [wight/+3 dire flail (5)]
 10176 | D:8      | Slain by a wight

Illustrated notes

Levels and vault maps discovered:
D:1:      arrival_aquarium_a, layout_loops_ring, serial_shops, shop,
          nrook_mini_backslash
D:2:      layout_loops_ring
D:3:      layout_basic
D:4:      layout_rooms, slow_altar_1, minmay_temple_entry_junction_2,
          nicolae_shop_fire_sale [nicolae_sub_dead_trees],
          minmay_gold_behind_fungi
D:5:      layout_loops_ring
D:6:      hellmonk_ruined_rings, layout_loops_ring, enter_ossuary_5,
          minmay_holes, nrook_mini_vaults, corexii_checkpoint_a
D:7:      layout_rooms, serial_shops, nicolae_shop_trees
D:8:      layout_cave_pools, mainiacjoe_overflow_24_doors, david_lair_generic,
          chequers_mini_garden, amcnicky_mini_rare_corridor_liquid, uniq_psyche,
          uniq_maurice
Temple:   regret_index_temple_mists

Skill      XL: |  1  2  3  4  5  6  7  8  9 |
---------------+----------------------------+-----
Ice Magic      | 5 6 7 |  7.8
Axes           | 1 2 4 5 6 |  6.3
Dodging        | 2 3 4 |  4.7
Stealth        | 2 3 |  3.6
Spellcasting   | 3 4 5 6 |  6.3
Fighting       | 1 2 3 4 |  4.2
Conjurations   | 1 |  1.1
Unarmed Combat | |  0.2
Evocations     | |  0.1

Action                   |  1- 3 |  4- 6 |  7- 9 || total
-------------------------+-------+-------+-------++-------
Melee: Unarmed           |    14 |     2 |       ||    16
       Tailslap          |     2 |    11 |    43 ||    56
       Hand axe          |       |    76 |   231 ||   307
       Punch             |       |     1 |     5 ||     6
 Cast: Freeze            |    52 |    21 |    30 ||   103
       Frozen Ramparts   |       |     2 |    16 ||    18
       Ozocubu's Armour  |       |       |     5 ||     5
       Magic Dart        |       |       |    13 ||    13
       Searing Ray       |       |       |     5 ||     5
 Abil: Breathe Noxious F |       |       |     1 ||     1
Evoke: Wand              |       |       |     1 ||     1
 Stab: Sleeping          |       |     1 |     4 ||     5
       Distracted        |       |       |     1 ||     1
Armor: Skin              |    17 |    41 |   130 ||   188
Dodge: Dodged            |    42 |    91 |   179 ||   312
